 Dungeon Sprint DCSS version 0.20-a0-556-g892c87b (webtiles) character file.

92 Kidiri the Thaumaturge (level 4, -9/24 HPs)
             Began as a Deep Elf Fire Elementalist on Feb 4, 2017.
             Was an Initiate of Vehumet.
             Splashed by an apocalypse crab's acid (16 damage)
             ... in the Dungeon (Sprint V: "Ziggurat Sprint").
             The game lasted 00:02:11 (224 turns).

Kidiri the Thaumaturge (Deep Elf Fire Elementalist)  Turns: 224, Time: 00:02:11

Health: -9/24      AC:  2    Str:  5    XL:     4   Next: 35%
Magic:  17/23      EV: 13    Int: 27    God:    Vehumet [......]
Gold:   0          SH:  0    Dex: 15    Spells: 9/22 levels left

rFire    . . .     SeeInvis .   m - +6 Majin-Bo {vamp, Archmagi MP+6 Int+6}
rCold    . . .     Gourm    .   a - +0 robe
rNeg     . . .     Faith    .   (shield currently unavailable)
rPois    .         Spirit   .   (no helmet)
rElec    .         Reflect  .   (no cloak)
rCorr    .         Harm     .   (no gloves)
MR       .....     NoTele   +   (no boots)
Stlth    ++........             (no amulet)
Regen    0.1/turn               (no ring)
                                (no ring)

@: very slightly contaminated
A: no striking features
a: Renounce Religion


You were in the Dungeon.
You worshipped Vehumet.
Vehumet was noncommittal.
You were not hungry.

You visited 1 branch

Inventory:

Hand Weapons
 m - the +6 Majin-Bo (weapon) {vamp, Archmagi MP+6 Int+6}
   (You found it in the Dungeon)

   It inflicts no extra harm, but heals its wielder when it wounds a living foe.
   It affects your intelligence (+6).
   It affects your magic capacity (+6).
Armour
 a - a +0 robe (worn)
Jewellery
 y - a +6 ring of dexterity
 z - a +6 ring of dexterity
 A - a +6 ring of intelligence
 B - a +6 ring of intelligence
 C - a +6 ring of strength
 D - a +6 ring of strength
 J - an uncursed ring of protection from cold
Wands
 E - a wand of disintegration (7/24)
 F - a wand of iceblast (5/15)
 G - a wand of lightning (5/15)
 H - a wand of acid (5/15)
Scrolls
 i - 4 scrolls of blinking
 p - 4 scrolls of amnesia
 q - 3 scrolls of recharging
 r - 7 scrolls of fog
 s - a scroll of holy word
 t - 5 scrolls of identify
 u - 5 scrolls of remove curse
 v - 2 scrolls of fear
Potions
 d - 10 potions of curing
 e - 10 potions of heal wounds
 f - 6 potions of haste
 g - 7 potions of magic
 h - 3 potions of berserk rage
 j - 2 potions of brilliance
 k - 2 potions of invisibility
 l - 4 potions of resistance
 n - 5 potions of agility
 o - 5 potions of might
Books
 b - a book of Flames

   Spells                             Type                      Level
   a - Flame Tongue                   Conjuration/Fire             1
   b - Throw Flame                    Conjuration/Fire             2
   c - Conjure Flame                  Conjuration/Fire             3
   d - Inner Flame                    Hexes/Fire                   3
   e - Sticky Flame                   Conjuration/Fire             4
   f - Fireball                       Conjuration/Fire             5
 I - the Tome of Shifting Displacement
   (You found it in the Dungeon)

   Spells                             Type                      Level
   a - Sticks to Snakes               Transmutation                2
   b - Ignite Poison                  Fire/Transmutation/Poison    3
   c - Gell's Gravitas                Hexes/Translocation          3
   d - Lesser Beckoning               Translocation                3
   e - Portal Projectile              Translocation                3
Comestibles
 c - 5 bread rations
 w - 35 fruits
 x - 4 meat rations


   Skills:
 - Level 2.4 Dodging
 - Level 2.4 Stealth
 * Level 9.8 Spellcasting
 + Level 5.5 Conjurations
 + Level 6.3 Fire Magic


You had 9 spell levels left.
You knew the following spells:

 Your Spells              Type           Power        Failure   Level  Hunger
a - Flame Tongue          Conj/Fire      #####        1%          1    None
b - Throw Flame           Conj/Fire      ######       1%          2    None
c - Conjure Flame         Conj/Fire      ######..     1%          3    None
d - Inner Flame           Hex/Fire       #####...     3%          3    None
e - Sticky Flame          Conj/Fire      ######..     4%          4    None


Dungeon Overview and Level Annotations

Branches:
Dungeon (1/1)

Altars:
Ashenzari
Cheibriados
Dithmenos
Elyvilon
Fedhas
Gozag
Hepliaklqana
Kikubaaqudgha
Makhleb
Nemelex Xobeh
Okawaru
Qazlal
Ru
Sif Muna
Trog
Uskayaw
Vehumet
Xom
Yredelemnul
Zin
The Shining One
Beogh
Jiyva
Lugonu


Message History

Unknown command.
Press: ? - help, v - describe, . - travel The floor.
There is a cloud of seething chaos here.
Unknown command.
Casting: Inner Flame
Confirm with . or Enter, or press ? or * to list all spells.
Aiming: Inner Flame
Press: ? - help, Shift-Dir - straight line, f/p - apocalypse crab
Aim: an apocalypse crab (chance to defeat MR: 68%)
You feel a surge of power!
The apocalypse crab is filled with an inner flame.
The iron imp shouts!
You are engulfed in seething chaos.
The apocalypse crab breathes chaos at you.
The blast of chaos engulfs you!
* * * LOW HITPOINT WARNING * * *
You are splashed with acid!
The acid burns!
Ouch! That really hurt!
You die...

▓▓▓▓▓▓▓▓▓▓▓▓▓
▓.8©8.▓.8©8.▓
▓.}5:.▓.....▓
▓.xt..▓.....▓
▓.....▓.....▓
▓§.§.§▓..%..▓
▓§§§§§▓.....▓
▓.§@§§▓▓▓▓▓▓▓
▓▓▓▓▓▓▓


You could see an apocalypse crab (inner flame), a small abomination and an iron
imp.

Vanquished Creatures
  A necrophage (D)
  A leopard gecko skeleton (D)
2 creatures vanquished.

Notes
Turn   | Place    | Note
-------+----------+-------------------------------------------
     0 | D        | Kidiri the Deep Elf Fire Elementalist began the quest for the Orb.
     0 | D        | Reached XP level 1. HP: 10/10 MP: 6/6
     0 | D        | Found a deep blue altar of Sif Muna.
     0 | D        | Found a sacrificial altar of Ru.
     0 | D        | Found a bloodstained altar of Trog.
     0 | D        | Found a stormy altar of Qazlal.
     0 | D        | Found an iron altar of Okawaru.
     0 | D        | Found a sparkling altar of Nemelex Xobeh.
     0 | D        | Found a blossoming altar of Fedhas.
     2 | D        | Found an ancient bone altar of Kikubaaqudgha.
     2 | D        | Found a viscous altar of Jiyva.
     2 | D        | Found a corrupted altar of Lugonu.
     2 | D        | Found a hazy altar of Hepliaklqana.
     2 | D        | Found a burning altar of Makhleb.
     2 | D        | Found an opulent altar of Gozag.
    39 | D        | Reached skill level 7 in Spellcasting
    39 | D        | Reached skill level 5 in Fire Magic
    39 | D        | Reached XP level 2. HP: 15/15 MP: 6/12
    43 | D        | Learned a level 2 spell: Throw Flame
    75 | D        | Became a worshipper of Vehumet
   120 | D        | Entered arena 1.
   120 | D        | Noticed a necrophage
   125 | D        | Killed a necrophage
   125 | D        | Reached skill level 9 in Spellcasting
   125 | D        | Reached skill level 5 in Conjurations
   125 | D        | Reached XP level 3. HP: 14/19 MP: 14/16
   125 | D        | Reached XP level 4. HP: 18/24 MP: 14/17
   133 | D        | Learned a level 3 spell: Conjure Flame
   137 | D        | Learned a level 3 spell: Inner Flame
   142 | D        | Learned a level 4 spell: Sticky Flame
   145 | D        | Identified the Tome of Shifting Displacement (You found it in the Dungeon)
   145 | D        | Identified the Tome of Shifting Displacement (You found it in the Dungeon)
   222 | D        | Entered arena 2.
   222 | D        | Noticed a small abomination
   222 | D        | Noticed an apocalypse crab
   224 | D        | Splashed by an apocalypse crab's acid

Vault maps used:
D:        sprint_v

Skill      XL: |  1  2 |
---------------+-------+-----
Spellcasting   | 7 9 |  9.8
Conjurations   | 4 5 |  5.5
Fire Magic     | 5 6 |  6.3
Dodging        | |  2.4
Stealth        | |  2.4

Action                   |  1- 3 |  4- 6 || total
-------------------------+-------+-------++-------
 Cast: Flame Tongue      |     4 |     2 ||     6
       Inner Flame       |       |     1 ||     1
  Use: Potion            |     1 |       ||     1
  Eat: Fruit             |     7 |       ||     7
Armor: Robe              |     2 |       ||     2
Dodge: Dodged            |     1 |     1 ||     2
